 Dungeon Crawl Stone Soup version 0.29.1-12-g30fa7ad0bf (webtiles) character file.

Game seed: 9026883451588926076

4566 javelincjr the Skirmisher (level 10, -2/69 HPs)
             Began as a Djinni Conjurer on Jan 5, 2023.
             Was a Believer of Qazlal.
             Slain by an acid dragon (3 damage)
             ... while petrified by a basilisk
             ... on level 9 of the Dungeon.
             The game lasted 00:50:34 (10496 turns).

javelincjr the Skirmisher (Djinni Conjurer)        Turns: 10496, Time: 00:50:35

Health: -2/69      AC:  3    Str:  8    XL:     10   Next: 67%
Gold:   526        EV:  2    Int: 23    God:    Qazlal [**....] SH:  0 Dex: 11

rFire   + + .      SeeInvis +   b - +1 sling (flame)
rCold   . . .      Faith    .   (no shield)
rNeg    + + +      Spirit   .   a - +0 robe
rPois   ∞          Reflect  .   (no helmet)
rElec   .          Harm     .   I - +1 cloak
rCorr   .          Rampage  .   e - +2 pair of gloves
Will    +....                   (boots unavailable)
Stlth   ++........              (no amulet)
HPRegen 0.21/turn               o - ring of see invisible
MPRegen 0.00/turn               F - ring of protection from cold

@: petrified, corroded, flying
A: sickness immunity, fire resistance 2, cold vulnerability 1, float, innate
caster, HP casting, extra vitality 1
a: Renounce Religion, Upheaval


You were on level 9 of the Dungeon.
You worshipped Qazlal.
Qazlal was pleased with you.
You visited 2 branches of the dungeon, and saw 10 of its levels.
You also visited: Ossuary.

You collected 526 gold pieces.

Inventory:

Hand Weapons
 b - a +1 sling of flaming (weapon)
 i - a +4 dagger
 q - a +2 dagger of draining
 u - a +0 antimagic trident
Missiles
 f - 8 poisoned darts
Armour
 a - a +0 robe (worn)
 e - a +2 pair of gloves (worn)
 I - a +1 cloak (worn)
Jewellery
 o - a ring of see invisible (left hand)
 F - a ring of protection from cold (right hand)
 G - a ring of protection from fire
Scrolls
 g - 3 scrolls of teleportation
 j - a scroll of poison
 k - 2 scrolls of fear
 r - a scroll of magic mapping
 w - 2 scrolls of blinking
 x - 3 scrolls of noise {unknown}
 y - a scroll of amnesia {unknown}
 D - a scroll of butterflies
 E - a scroll of identify
Potions
 c - 6 potions of heal wounds
 d - 3 potions of might
 h - 4 potions of brilliance
 l - 3 potions of lignification
 m - 5 potions of curing
 n - a potion of haste {unknown}
 p - 3 potions of mutation {unknown}
 t - a potion of degeneration {unknown}
 v - 2 potions of cancellation {unknown}
 z - a potion of flight {unknown}
 A - 2 potions of invisibility {unknown}
 B - a potion of ambrosia {unknown}
 C - a potion of berserk rage {unknown}
 H - a potion of attraction {unknown}


   Skills:
 + Level 4.8 Fighting
 + Level 0.7 Short Blades
 + Level 8.0 Ranged Weapons
 + Level 3.3 Dodging
 + Level 3.4 Stealth
 + Level 0.2 Shields
 + Level 7.9 Spellcasting
 + Level 0.7 Invocations


You couldn't memorise any spells.
You knew the following spells:

 Your Spells              Type           Power      Damage    Failure   Level
a - Magic Dart            Conj           100%       1d8       1%          1
b - Searing Ray           Conj           90%        2d7       1%          2
c - Dazzling Flash        Conj/Hex       90%        N/A       1%          3
d - Fulminant Prism       Conj/Hex       22%        3d13      2%          4
e - Iskenderun's Mystic   Conj/Tloc      45%        2d10      2%          4
f - Apportation           Tloc           90%        N/A       1%          1
g - Passwall              Tmut/Erth      37%        N/A       1%          2
h - Call Canine Familiar  Summ           45%        N/A       1%          3
i - Summon Ice Beast      Ice/Summ       45%        N/A       2%          4
Your spell library was empty.

Dungeon Overview and Level Annotations

Branches:
Dungeon (9/15)             Temple (1/1) D:4         Ossuary (visited)
   Lair: D:8-11         Orc: D:9-12

Altars:
Ashenzari
Cheibriados
Dithmenos
Elyvilon
Fedhas
Gozag
Hepliaklqana
Makhleb
Qazlal
Ru
Trog
Uskayaw
Wu Jian
Xom
Yredelemnul
Zin
The Shining One


Innate Abilities, Weirdness & Mutations

You are immune to sickness and miasma.
You are immune to poison.
Your flesh is very heat resistant. (rF++)
You are vulnerable to cold. (rC-)
You float through the air rather than walking.
You learn spells naturally, not from books.
Your magical power is your life essence.
You have superior vitality. (+4 MHP)


Message History

The killer bee stings you. x2
A water moccasin comes into view.
The killer bee stings you. x2; The killer bee is struck by lightning.
The killer bee stings you but does no damage.
The acid dragon bites you!
The acid dragon claws you but does no damage.
The water moccasin hisses angrily.
The killer bee stings you. The killer bee stings you!
The killer bee stings you but does no damage.
The killer bee stings you! The killer bee stings you.
A killer bee comes into view.
The acid dragon barely misses you. The acid dragon claws you.
The killer bee stings you! The killer bee stings you.
* * * LOW HITPOINT WARNING * * *
The killer bee stings you.
* * * LOW HITPOINT WARNING * * *
A killer bee comes into view.
The killer bee stings you!
* * * LOW HITPOINT WARNING * * *
The killer bee barely misses you.
A killer bee comes into view.
The killer bee stings you but does no damage.
The acid dragon bites you.
* * * LOW HITPOINT WARNING * * *
The acid dragon claws you.
* * * LOW HITPOINT WARNING * * *
The killer bee stings you!
* * * LOW HITPOINT WARNING * * *
The killer bee stings you.
The killer bee stings you but does no damage.
A water moccasin comes into view.
The killer bee stings you.
* * * LOW HITPOINT WARNING * * *
The killer bee stings you.
* * * LOW HITPOINT WARNING * * *
A killer bee comes into view.
The killer bee stings you!
* * * LOW HITPOINT WARNING * * *
The acid dragon bites you!
You die...

...§........
≈≈≈≈§≈≈≈..y
.§§§§..≈...
.≈≈≈≈≈.≈..
.≈...≈.yy##########
.≈._.≈.≈.....<....##
.≈...≈yyy............
..≈≈≈y§@§...........#
.....)yD○...........#
≈≈≈§≈≈§y§...........#
/..K......S.........+
...#................#
.. #.....?..........#
. #.....)....P....#
######.)...S.P..
..l...P.♣


You could see 2 water moccasins, an acid dragon, 9 killer bees and a kobold.

Vanquished Creatures
  A hornet (D:8)
  9 yaks
  A basilisk (D:9)
  A water moccasin (D:7)
  2 ice beasts (D:6)
  A sky beast (D:7)
  An ogre (D:6)
  A centaur (D:8)
  A phantom (D:5)
  2 bullfrogs
  A necrophage (D:6)
  A gnoll sergeant (D:8)
  16 scorpions
  5 killer bees (D:7)
  A howler monkey (D:6)
  2 hounds (D:4)
  A centaur zombie (Ossuary)
  3 human zombies (Ossuary)
  2 orc priests
  3 iguanas
  4 scorpion zombies (Ossuary)
  4 orc wizards
  3 mummies (Ossuary)
  5 gnolls (D:8)
  7 adders
  A shadow imp (D:8)
  A white imp (D:5)
  2 worms
  A dart slug (D:4)
  21 orcs
  8 ball pythons
  5 bats
  10 endoplasms
  5 giant cockroaches
  A gnoll zombie (Ossuary)
  3 goblins
  6 hobgoblins
  6 jackals
  12 kobolds
  7 quokkas
  3 frilled lizards
  2 goblin zombies (Ossuary)
  2 hobgoblin zombies (Ossuary)
  3 kobold zombies
  2 orc zombies (Ossuary)
  4 rats
183 creatures vanquished.

Vanquished Creatures (collateral kills)
  A killer bee (D:7)
  A human zombie (Ossuary)
2 creatures vanquished.

Vanquished Creatures (others)
  29 fulminant prisms
  A fungus (D:9)
  9 plants (D:9)
39 creatures vanquished.

Grand Total: 224 creatures vanquished

Notes
Turn   | Place    | Note
-------+----------+-------------------------------------------
     0 | D:1      | javelincjr the Djinni Conjurer began the quest for the Orb.
     0 | D:1      | javelincjr set off with the following spells memorised:
                  | Magic Dart, Searing Ray, Dazzling Flash, Fulminant Prism,
                  | Iskenderun's Mystic Blast.
     0 | D:1      | Reached XP level 1. HP: 15/15 MP: 0/0
   245 | D:1      | Reached XP level 2. HP: 17/21 MP: 0/0
   813 | D:1      | Reached XP level 3. HP: 20/25 MP: 0/0
   813 | D:1      | Learned a level 1 spell: Apportation
  1420 | D:1      | Found a shimmering altar of Xom.
  1691 | D:2      | Reached XP level 4. HP: 26/31 MP: 0/0
  2055 | D:2      | Found a sacrificial altar of Ru.
  2114 | D:2      | Found a faded altar of an unknown god.
  2354 | D:3      | Noticed a scorpion
  2363 | D:3      | Killed a scorpion
  2364 | D:3      | Reached XP level 5. HP: 21/35 MP: 0/0
  2364 | D:3      | Learned a level 2 spell: Passwall
  2921 | D:3      | Reached skill level 5 in Spellcasting
  2926 | D:3      | Reached XP level 6. HP: 23/40 MP: 0/0
  3375 | D:4      | Found a staircase to the Ecumenical Temple.
  3489 | Temple   | Entered the Ecumenical Temple
  3536 | Temple   | Became a worshipper of Qazlal Stormbringer
  4579 | D:4      | Reached skill level 1 in Ranged Weapons
  4816 | D:4      | Found a burning altar of Makhleb.
  4819 | D:4      | Reached skill level 1 in Fighting
  4819 | D:4      | Reached XP level 7. HP: 42/47 MP: 0/0
  4819 | D:4      | Learned a level 3 spell: Call Canine Familiar
  4938 | D:5      | Entered Level 5 of the Dungeon
  4951 | D:5      | Reached skill level 2 in Ranged Weapons
  5071 | D:5      | Reached skill level 3 in Ranged Weapons
  5579 | D:5      | Found a white marble altar of Elyvilon.
  5681 | D:5      | Reached * piety under Qazlal
  5682 | D:5      | Reached XP level 8. HP: 28/53 MP: 0/0
  6469 | D:6      | Reached skill level 4 in Ranged Weapons
  6581 | D:6      | Found a sand-covered staircase.
  6591 | Ossuary  | Entered an ossuary
  7107 | Ossuary  | Reached skill level 5 in Ranged Weapons
  7107 | Ossuary  | Reached XP level 9. HP: 44/59 MP: 0/0
  7107 | Ossuary  | Learned a level 4 spell: Summon Ice Beast
  7610 | D:6      | Reached skill level 6 in Ranged Weapons
  7714 | D:6      | Reached ** piety under Qazlal
  9200 | D:7      | Reached skill level 7 in Ranged Weapons
  9200 | D:7      | Reached XP level 10. HP: 43/67 MP: 0/0
 10479 | D:9      | Found a shadowy altar of Dithmenos.
 10487 | D:9      | Reached skill level 8 in Ranged Weapons
 10496 | D:9      | HP: 1/69 [killer bee (4)]
 10496 | D:9      | Slain by an acid dragon

Illustrated notes

Levels and vault maps discovered:
D:1:      dpeg_arrival_lava_altar, layout_loops_ring
D:2:      layout_basic, shapermc_ecumenical_altar_totnotflames, basic_altar
D:3:      layout_basic, solitary_fountain
D:4:      layout_cave_pools, makhleb_blood_cavern_becter,
          minmay_temple_entry_stoned_glass
D:5:      layout_loops_ring, overflow_temple_1_default
D:6:      layout_basic, nicolae_overflow_crystal_walls, serial_curves,
          eino_curves_03, eino_curves_04, enter_ossuary_3
D:7:      layout_loops_ring
D:8:      layout_loops_ring
D:9:      layout_irregular_city, mainiacjoe_overflow_concentric_impassable,
          minmay_lair_entry_grove, orc_0_dummy
Temple:   nicolae_temple_slightly_damp_pantheon

Skill      XL: |  1  2  3  4  5  6  7  8  9 10 |
---------------+-------------------------------+-----
Spellcasting   | 4 5 6 7 |  7.9
Stealth        | 2 3 |  3.4
Ranged Weapons | 1 3 5 7 8 |  8.0
Fighting       | 1 2 4 |  4.8
Dodging        | 3 |  3.3
Short Blades   | |  0.7
Shields        | |  0.2
Invocations    | |  0.7

Action                   |  1- 3 |  4- 6 |  7- 9 | 10-12 || total
-------------------------+-------+-------+-------+-------++-------
Melee: Dagger            |       |     8 |       |       ||     8
 Fire: Sling             |       |    50 |   104 |    17 ||   171
 Cast: Magic Dart        |    62 |    57 |       |       ||   119
       Searing Ray       |     1 |     9 |    16 |     4 ||    30
       Iskenderun's Myst |       |    11 |    51 |     7 ||    69
       Fulminant Prism   |       |     2 |    15 |    12 ||    29
       Apportation       |       |     1 |       |       ||     1
       Summon Ice Beast  |       |       |     3 |     3 ||     6
       Call Canine Famil |       |       |       |     1 ||     1
Invok: Upheaval          |       |       |     1 |       ||     1
  Use: Scroll            |       |    10 |     5 |     1 ||    16
Armor: Robe              |     2 |     9 |    15 |     7 ||    33
Dodge: Dodged            |     4 |     9 |    19 |     7 ||    39
Block: Other             |       |       |     1 |       ||     1
